 Dungeon Crawl Stone Soup version 0.30.0-17-ge0270778cf (webtiles) character file.

Game seed: 15529136326409445554

179 booth the Chopper (level 5, 0/38 (43) HPs)
             Began as a Gnoll Reaver on May 22, 2023.
             Succumbed to a gnoll's poison
             ... on level 4 of the Dungeon.
             The game lasted 00:14:53 (2429 turns).

booth the Chopper (Gnoll Reaver)                    Turns: 2429, Time: 00:14:53

HP:   0/38 (43)     AC: 10    Str: 17    XL:     5   Next: 59%
MP:   3/3           EV: 13    Int: 12    God:
Gold: 141           SH:  0    Dex: 11    Spells: 8/14 levels left

rFire   + . .        a - +0 hand axe
rCold   . . .        (no shield)
rNeg    . . .        b - +1 leather armour
rPois   .            d - +1 helmet
rElec   .            (no cloak)
rCorr   .            (no gloves)
SInv    .            (no boots)
Will    +....        (no amulet)
Stlth   +            f - ring "Japhoari" {rF+ Will+ MP-9 Str+4}
HPRegen 0.26/turn    m - +4 ring of protection
MPRegen 0.08/turn

%: no passive effects
@: lethally poisoned (0 -> -4), heavily drained
A: fangs 1, strong nose, distributed training
a: no special abilities


You were on level 4 of the Dungeon.
You visited 1 branch of the dungeon, and saw 4 of its levels.

You collected 211 gold pieces.
You spent 70 gold pieces at shops.

Inventory:

Hand Weapons
 a - a +0 hand axe (weapon)
Missiles
 n - 4 boomerangs (quivered)
Armour
 b - a +1 leather armour (worn)
 c - a +0 kite shield
 d - a +1 helmet (worn)
Jewellery
 f - the ring "Japhoari" (left hand) {rF+ Will+ MP-9 Str+4}
   (You acquired it on level 1 of the Dungeon)

   [ring of protection from fire]

   Str:       It affects your strength (+4).
   rF:        It protects you from fire.
   MP:        It affects your magic capacity (-9).
   Will:      It increases your willpower.
 m - a +4 ring of protection (right hand)
Scrolls
 g - 4 scrolls of teleportation
 h - 2 scrolls of fear
Potions
 e - a potion of might {unknown}
 i - a potion of resistance {unknown}
 j - a potion of curing
 k - a potion of flight {unknown}
 l - a potion of degeneration {unknown}
 o - a potion of brilliance
 p - a potion of heal wounds


   Skills:
 + Level 4.8 Fighting
 + Level 1.6 Short Blades
 + Level 1.6 Long Blades
 + Level 6.7 Axes
 + Level 1.6 Maces & Flails
 + Level 1.6 Polearms
 + Level 1.6 Staves
 + Level 1.6 Ranged Weapons
 + Level 1.6 Throwing
 + Level 1.6 Armour
 + Level 4.8 Dodging
 + Level 1.6 Stealth
 + Level 1.6 Shields
 + Level 1.6 Unarmed Combat
 + Level 5.2 Spellcasting
 + Level 5.6 Conjurations
 + Level 1.3 Hexes
 + Level 1.3 Summonings
 + Level 1.3 Necromancy
 + Level 1.3 Translocations
 + Level 1.3 Transmutations
 + Level 1.3 Fire Magic
 + Level 1.3 Ice Magic
 + Level 1.3 Air Magic
 + Level 1.3 Earth Magic
 + Level 1.3 Poison Magic
 + Level 1.8 Invocations
 + Level 1.6 Evocations


You had 8 spell levels left.
You knew the following spells:

 Your Spells              Type           Power      Damage    Failure   Level
a - Kiss of Death         Conj/Necr      44%        2d8       5%          1
b - Momentum Strike       Conj/Tloc      22%        3d8       9%          2
c - Hailstorm             Conj/Ice       11%        3d5       17%         3

Your spell library contained the following spells:

 Spells                   Type           Power      Damage    Failure   Level
 Animate Dead             Necr           6%         N/A       80%         4
 Haunt                    Necr/Summ      3%         N/A       100%        7
 Infestation              Necr           3%         N/A       100%        8


Dungeon Overview and Level Annotations

Branches:
Dungeon (4/15)
 Temple: D:4-7

Altars:

Shops:
D:1 =   D:4 !


Innate Abilities, Weirdness & Mutations

You have very sharp teeth.
Your uncanny sense of smell can sniff out nearby items.
Your experience applies equally to all skills.


Message History

The gnoll barely misses you.
You feel sick.
You hit the gnoll. Your punch misses the gnoll.
The gnoll is moderately wounded.
You closely miss the gnoll.
You feel sick. The gnoll hits you with a +0 spear.
You hit the gnoll.
The gnoll is heavily wounded.
You hit the gnoll.
You feel sick. The gnoll hits you but does no damage. The gnoll misses you.
You hit the gnoll. Your bite misses the gnoll.
The gnoll is severely wounded.
You hit the gnoll.
You feel sick. The gnoll hits you but does no damage.
You are more poisoned.
The gnoll hits you but does no damage.
You closely miss the gnoll. You bite the gnoll.
The gnoll is severely wounded.
You barely miss the gnoll.
You feel sick.
The gnoll hits you with a +0 spear of venom.
You are lethally poisoned!
The gnoll hits you but does no damage.
You slash the gnoll!
You kill the gnoll!
You completely miss the gnoll.
You feel very sick. The gnoll hits you but does no damage.
* * * LOW HITPOINT WARNING * * *
You feel very sick. The gnoll closely misses you.
* * * LOW HITPOINT WARNING * * *
You feel sick.
* * * LOW HITPOINT WARNING * * *
You feel sick. The gnoll barely misses you.
You closely miss the gnoll. You bite the gnoll, but do no damage.
The gnoll is heavily wounded.
* * * LOW HITPOINT WARNING * * *
You feel sick. The gnoll hits you with a +0 spear.
* * * LOW HITPOINT WARNING * * *
You barely miss the gnoll.
The gnoll is heavily wounded.
You die...

###.##.#.#...##..###
............###....#
######.#.##....∩...#
# #.#.##.....##.# #
#......##..##.# #
###.#####...#.# #
#.# #####g..# # ###
#g### # #@####### #
#..)†...# #
####.[..# # #.[).# #
#....# #...[# ######


You could see 2 gnolls.

Vanquished Creatures
  An orc priest (D:4)
  An orc wizard (D:4)
  2 gnolls (D:4)
  5 adders
  A worm (D:2)
  A dart slug (D:2)
  4 orcs
  4 bats
  5 endoplasms
  A giant cockroach (D:3)
  3 hobgoblins
  4 kobolds
  2 quokkas
  6 ball pythons
  7 frilled lizards
  5 goblins
  4 rats
56 creatures vanquished.

Notes
Turn   | Place    | Note
-------+----------+-------------------------------------------
     0 | D:1      | booth the Gnoll Reaver began the quest for the Orb.
     0 | D:1      | Reached XP level 1. HP: 20/20 MP: 6/6
   132 | D:1      | Found Vagu Ese's Jewellery Boutique.
   137 | D:1      | Reached XP level 2. HP: 26/26 MP: 7/7
   633 | D:1      | Identified a scroll of acquirement
   633 | D:1      | Acquired the ring "Japhoari" {rF+ Will+ MP-9 Str+4}
   769 | D:2      | Reached skill level 5 in Spellcasting
   769 | D:2      | Reached XP level 3. HP: 31/31 MP: 0/9
   772 | D:2      | Learned a level 2 spell: Momentum Strike
   776 | D:2      | Learned a level 3 spell: Hailstorm
   838 | D:2      | Reached skill level 1 in Invocations
   967 | D:2      | Reached skill level 1 in Short Blades
   967 | D:2      | Reached skill level 1 in Long Blades
   967 | D:2      | Reached skill level 1 in Maces & Flails
   967 | D:2      | Reached skill level 1 in Polearms
   967 | D:2      | Reached skill level 1 in Staves
   967 | D:2      | Reached skill level 1 in Ranged Weapons
   967 | D:2      | Reached skill level 1 in Throwing
   967 | D:2      | Reached skill level 1 in Armour
   967 | D:2      | Reached skill level 1 in Stealth
   967 | D:2      | Reached skill level 1 in Shields
   967 | D:2      | Reached skill level 1 in Unarmed Combat
   967 | D:2      | Reached skill level 1 in Evocations
  1426 | D:3      | Reached XP level 4. HP: 33/38 MP: 2/11
  1661 | D:3      | Reached skill level 1 in Hexes
  1661 | D:3      | Reached skill level 1 in Summonings
  1661 | D:3      | Reached skill level 1 in Necromancy
  1661 | D:3      | Reached skill level 1 in Translocations
  1661 | D:3      | Reached skill level 1 in Transmutations
  1661 | D:3      | Reached skill level 1 in Fire Magic
  1661 | D:3      | Reached skill level 1 in Ice Magic
  1661 | D:3      | Reached skill level 1 in Air Magic
  1661 | D:3      | Reached skill level 1 in Earth Magic
  1661 | D:3      | Reached skill level 1 in Poison Magic
  2330 | D:4      | Found Yfoutumm's Distillery.
  2340 | D:4      | Bought a potion of heal wounds for 70 gold pieces
  2356 | D:4      | Reached XP level 5. HP: 43/43 MP: 3/12
  2428 | D:4      | HP: 1/38 [gnoll/+0 spear (3)]
  2429 | D:4      | Succumbed to a gnoll's poison

Illustrated notes

Levels and vault maps discovered:
D:1:      dpeg_arrival_rooms_b, layout_rooms, serial_shops,
          nicolae_shop_rolling_square, grunt_decor_fettered
D:2:      layout_basic
D:3:      layout_basic
D:4:      layout_basic, old_standard_altar, minmay_temple_entry_nine_rooms,
          serial_shops, nicolae_square_shop, chequers_garden,
          nicolae_nh_ransacked_shop, uniq_eustachio, uniq_ijyb

Skill      XL: |  1  2  3  4 |
---------------+-------------+-----
Spellcasting   | 5 |  5.2
Invocations    | 1 |  1.8
Short Blades   | 1 |  1.6
Long Blades    | 1 |  1.6
Maces & Flails | 1 |  1.6
Polearms       | 1 |  1.6
Staves         | 1 |  1.6
Ranged Weapons | 1 |  1.6
Throwing       | 1 |  1.6
Armour         | 1 |  1.6
Stealth        | 1 |  1.6
Shields        | 1 |  1.6
Unarmed Combat | 1 |  1.6
Evocations     | 1 |  1.6
Hexes          | 1 |  1.3
Summonings     | 1 |  1.3
Necromancy     | 1 |  1.3
Translocations | 1 |  1.3
Transmutations | 1 |  1.3
Fire Magic     | 1 |  1.3
Ice Magic      | 1 |  1.3
Air Magic      | 1 |  1.3
Earth Magic    | 1 |  1.3
Poison Magic   | 1 |  1.3
Fighting       | |  4.8
Axes           | |  6.7
Dodging        | |  4.8
Conjurations   | |  5.6

Action                     |  1- 3 |  4- 6 || total
---------------------------+-------+-------++-------
  Melee: Hand axe          |    84 |    87 ||   171
         Bite              |     6 |     8 ||    14
         Punch             |     1 |     1 ||     2
   Cast: Kiss of Death     |       |     1 ||     1
    Use: Scroll            |     5 |       ||     5
         Potion            |     1 |     2 ||     3
 Armour: Leather armour    |    22 |    30 ||    52
  Dodge: Dodged            |    39 |    43 ||    82
